 Dungeon Crawl Stone Soup version 0.29.1-4-g47bece8355 (webtiles) character file.

Game seed: 12345914467917681392

961 GorkyZ the Covered (level 8, -5/48 HPs)
             Began as a Gargoyle Fighter on Dec 3, 2022.
             Was an Initiate of Gozag.
             Killed from afar by a steam dragon (19 damage)
             ... with a ball of steam
             ... on level 5 of the Dungeon.
             The game lasted 00:14:07 (6434 turns).

GorkyZ the Covered (Gargoyle Fighter)               Turns: 6434, Time: 00:14:08

Health: -5/48      AC: 29    Str: 23    XL:     8   Next: 15%
Magic:  8/8        EV:  8    Int:  8    God:    Gozag
Gold:   455        SH:  4    Dex:  9    Spells: 7/7 levels left

rFire   . . .      SeeInvis .   g - +0 flail (protect)
rCold   . . .      Faith    .   c - +0 buckler
rNeg    + . .      Spirit   .   p - +0 storm dragon scales
rPois   ∞          Reflect  .   e - +0 helmet
rElec   +          Harm     .   j - +1 cloak
rCorr   .          Rampage  .   x - +0 pair of gloves
Will    .....                   (no boots)
Stlth   ..........              (no amulet)
HPRegen 0.16/turn               f - ring of flight
MPRegen 0.11/turn               (no ring)

@: gold aura, under a protective aura, flying
A: sickness immunity, AC +5, negative energy resistance 1, electricity
resistance, torment resistance 1, petrification resistance
a: Renounce Religion, Potion Petition, Call Merchant, Bribe Branch


You were on level 5 of the Dungeon.
You worshipped Gozag.
Gozag was aware of your devotion.
You visited 2 branches of the dungeon, and saw 7 of its levels.

You collected 627 gold pieces.
You spent 42 gold pieces at shops.
You paid 130 gold pieces to Gozag.

Inventory:

Hand Weapons
 a - a +1 flail
 g - a +0 flail of protection (weapon)
 i - a +0 hand axe
Missiles
 k - 9 poisoned darts (quivered)
Armour
 b - a +0 scale mail
 c - a +0 buckler (worn)
 e - a +0 helmet (worn)
 j - a +1 cloak (worn)
 p - +0 storm dragon scales (worn)
 x - a +0 pair of gloves (worn)
Jewellery
 f - a ring of flight (left hand)
 r - a ring of ice
Wands
 m - a wand of roots (7)
 w - a wand of paralysis (8)
Scrolls
 h - a scroll of enchant armour
 q - 4 scrolls of identify
 t - 2 scrolls of teleportation
 u - 3 scrolls of enchant weapon
Potions
 d - 3 potions of might
 l - a potion of lignification
 n - 3 potions of curing
 o - 3 potions of heal wounds
 s - a potion of flight
 v - a potion of berserk rage {unknown}
 z - a potion of haste {unknown}
 A - a potion of experience {unknown}
 B - a potion of degeneration {unknown}


   Skills:
 + Level 4.9 Fighting
 + Level 3.8 Maces & Flails
 + Level 2.7 Throwing
 + Level 5.0 Armour
 + Level 2.7 Dodging
 + Level 4.9 Shields
 + Level 2.8 Evocations


You had 7 spell levels left.
You didn't know any spells.
Your spell library contained the following spells:

 Spells                   Type           Power      Damage    Failure   Level
 Magic Dart               Conj           0%         1d3       99%         1
 Call Imp                 Summ           0%         N/A       99%         2
 Mephitic Cloud           Conj/Pois/Air  0%         N/A       100%        3


Dungeon Overview and Level Annotations

Branches:
Dungeon (6/15)             Temple (1/1) D:4

Altars:
Cheibriados
Gozag
Hepliaklqana
Kikubaaqudgha
Makhleb
Nemelex Xobeh
Xom

Shops:
D:2 *(*


Innate Abilities, Weirdness & Mutations

You are immune to sickness and miasma.
Your stone body is resilient. (AC +5)
You are immune to poison.
You resist negative energy. (rN+)
You are resistant to electric shocks. (rElec)
You are resistant to unholy torment.
You are immune to petrification.


Message History

You are engulfed in a cloud of scalding steam.
The steam dragon bites you but does no damage.
The steam dragon barely misses you.
You hit the steam dragon.
The steam dragon is lightly wounded.
You are engulfed in a cloud of scalding steam.
The steam dragon bites you.
The steam dragon claws you but does no damage.
You closely miss the steam dragon.
The steam dragon is lightly wounded.
The steam dragon barely misses you. The steam dragon claws you.
You hit the steam dragon.
The steam dragon is lightly wounded.
The steam dragon bites you but does no damage.
The steam dragon claws you but does no damage.
The steam dragon bites you. The steam dragon misses you.
You hit the steam dragon.
The steam dragon is moderately wounded.
The steam dragon breathes steam at you. The ball of steam hits you.
You hit the steam dragon but do no damage.
The steam dragon is moderately wounded.
You are engulfed in a cloud of scalding steam.
* * * LOW HITPOINT WARNING * * *
The steam dragon bites you but does no damage.
The steam dragon barely misses you.
You thump the steam dragon!
The steam dragon is severely wounded.
You are engulfed in a cloud of scalding steam.
The steam dragon bites you.
* * * LOW HITPOINT WARNING * * *
The steam dragon claws you but does no damage.
The steam dragon closely misses you.
The steam dragon claws you but does no damage.
You feel better.
You are engulfed in a cloud of scalding steam.
The steam dragon breathes steam at you. The ball of steam hits you!!
You die...
Your body crumbles into a pile of gold.

♣♣♣.'.#.#.#.##.#
#.# #..# #.#
....#.##...###.#
#.# #..# #..
♣.♣♣#.....##
#.###.###..# ###
### #.#####
#..........# # #.#
##.######.####### #
###.#
#..............# #
#...#
#..#####.#####.# #
#.### #$.# #.#
##.#### #.# #D@#
#.# ##...##. #.#
#.§# #.###......#
###.# #..#
#.##........ ..#.#
#..# #.....[....#
#.#.#
#..########.......#
#.#.#
#..........#.....##
#.#.#
#..........##...###
#.#.#
#.........<........
#.#.######
#..............####


You could see a steam dragon (catching breath).

Vanquished Creatures
  Sigmund (D:3)
  A phantom (D:4)
  Blork the orc (D:5)
  3 scorpions (D:5)
  A howler monkey (D:5)
  2 orc priests
  2 iguanas (D:4)
  An orc wizard (D:3)
  A hound zombie (D:3)
  8 gnolls
  6 adders
  A white imp (D:5)
  An adder skeleton (D:3)
  2 dart slugs
  15 orcs
  6 endoplasms
  3 giant cockroaches
  5 goblins
  7 hobgoblins
  6 jackals
  3 quokkas
  6 ball pythons
  A ball python zombie (D:3)
  5 bats
  2 frilled lizards (D:1)
  5 kobolds
  5 rats
100 creatures vanquished.

Vanquished Creatures (collateral kills)
  2 orc priests (D:4)
  2 orcs (D:4)
4 creatures vanquished.

Vanquished Creatures (others)
  A gnoll (D:6)
  A withered plant (D:3)
2 creatures vanquished.

Grand Total: 106 creatures vanquished

Notes
Turn   | Place    | Note
-------+----------+-------------------------------------------
     0 | D:1      | GorkyZ the Gargoyle Fighter began the quest for the Orb.
     0 | D:1      | Reached XP level 1. HP: 14/14 MP: 1/1
   111 | D:1      | Reached XP level 2. HP: 14/19 MP: 2/2
   802 | D:1      | Reached XP level 3. HP: 23/23 MP: 3/3
  1527 | D:2      | Found Fyacog's General Store.
  1680 | D:2      | Reached skill level 1 in Dodging
  1719 | D:2      | Found Repnanut's Weapon Boutique.
  1904 | D:2      | Reached skill level 1 in Evocations
  1922 | D:2      | Reached XP level 4. HP: 28/28 MP: 4/4
  1974 | D:2      | Found Xaonaima's Assorted Antiques.
  1980 | D:2      | Bought a scroll labelled WULAUNKIGA for 21 gold pieces
  1980 | D:2      | Bought a scroll labelled WULAUNKIGA for 21 gold pieces
  2402 | D:3      | Reached skill level 1 in Throwing
  2549 | D:3      | Reached XP level 5. HP: 33/33 MP: 5/5
  3075 | D:3      | Noticed Sigmund
  3100 | D:3      | Killed Sigmund
  3101 | D:3      | Reached skill level 4 in Armour
  3101 | D:3      | Reached XP level 6. HP: 20/38 MP: 6/6
  3550 | D:3      | Identified the +6 arbalest of Unreason {venom, Str+3}
  3902 | D:4      | Reached XP level 7. HP: 35/44 MP: 7/7
  4208 | D:4      | Found a staircase to the Ecumenical Temple.
  4219 | Temple   | Entered the Ecumenical Temple
  4224 | Temple   | Became a worshipper of Gozag Ym Sagoz the Greedy
  5366 | D:5      | Entered Level 5 of the Dungeon
  5803 | D:5      | Found a snail-covered altar of Cheibriados.
  5973 | D:5      | Noticed Blork the orc
  5983 | D:5      | Killed Blork the orc
  5984 | D:5      | Reached XP level 8. HP: 38/48 MP: 8/8
  6310 | D:5      | Reached skill level 5 in Armour
  6434 | D:5      | Killed from afar by a steam dragon

Illustrated notes

Levels and vault maps discovered:
D:1:      wander_arrival_desolate, layout_basic
D:2:      minmay_spotlight, layout_loops_ring, serial_shops, shop_coins, shop,
          shop_coins, minmay_misc_feat_iff
D:3:      layout_rooms, serial_undead, serial_undead_c, serial_undead_a,
          serial_undead_a, serial_undead_a, kennysheep_nondescript, uniq_sigmund
D:4:      layout_basic, minmay_temple_entry_junction
D:5:      layout_loops_ring, mainiacjoe_overflow_six_doors_small,
          chequers_arboretum, uniq_blork_the_orc
D:6:      layout_basic, mainiacjoe_overflow_alcove_1
Temple:   hellmonk_temple_of_storms

Skill      XL: |  1  2  3  4  5  6  7  8 |
---------------+-------------------------+-----
Dodging        | 1 2 |  2.7
Evocations     | 1 2 |  2.8
Throwing       | 1 2 |  2.7
Fighting       | 4 |  4.9
Shields        | 4 |  4.9
Maces & Flails | 3 |  3.8
Armour         | 4 5 |  5.0

Action                   |  1- 3 |  4- 6 |  7- 9 || total
-------------------------+-------+-------+-------++-------
Melee: Flail             |   123 |   169 |   212 ||   504
Throw: Dart              |       |     3 |       ||     3
  Use: Scroll            |       |    12 |       ||    12
       Potion            |       |       |     1 ||     1
Armor: Scale mail        |    90 |   147 |     1 ||   238
       Storm dragon scal |       |       |   151 ||   151
Dodge: Dodged            |    74 |   134 |    91 ||   299
Block: Buckler           |    24 |    50 |    34 ||   108
